 Dungeon Crawl Stone Soup version 0.29-a0-1027-gcd8c55af63 (webtiles) character file.

Game seed: 12999993342575132013

1 ragingrage the Sneak (level 1, -3/19 HPs)
             Began as a Minotaur Delver on Aug 13, 2022.
             Slain by a bullfrog (7 damage)
             ... on level 6 of the Dungeon.
             The game lasted 00:00:23 (272 turns).

ragingrage the Sneak (Minotaur Delver)               Turns: 272, Time: 00:00:24

Health: -3/19      AC:  3    Str: 16    XL:     1   Next: 16%
Magic:  0/0        EV: 11    Int:  7    God:
Gold:   14         SH:  0    Dex: 11    Spells: 0/0 levels left

rFire   . . .      SeeInvis .   a - +0 hand axe
rCold   . . .      Faith    .   (no shield)
rNeg    . . .      Spirit   .   b - +0 leather armour
rPois   .          Reflect  .   (helmet restricted)
rElec   .          Harm     .   (no cloak)
rCorr   .          Rampage  .   (no gloves)
Will    .....                   (no boots)
Stlth   ++........              (no amulet)
HPRegen 0.06/turn               (no ring)
MPRegen 0.07/turn               (no ring)

@: hasted, very quick
A: horns 2, retaliatory headbutt
a: no special abilities


You were on level 6 of the Dungeon.
You visited 1 branch of the dungeon, and saw 2 of its levels.

You collected 14 gold pieces.

Inventory:

Hand Weapons
 a - a +0 hand axe (weapon)
Armour
 b - a +0 leather armour (worn)
Wands
 g - a wand of digging (3)
Scrolls
 c - a scroll of fog
 d - a scroll of magic mapping
 e - a scroll of fear
Potions
 h - a potion of lignification {unknown}


   Skills:
 - Level 3.6 Fighting
 * Level 2.6 Axes
 - Level 2.1 Dodging
 - Level 4.1 Stealth


You couldn't memorise any spells.
You didn't know any spells.
Your spell library was empty.

Dungeon Overview and Level Annotations

Branches:
Dungeon (6/15)
 Temple: D:4-7

Altars:


Innate Abilities, Weirdness & Mutations

You have a pair of horns on your head.
You reflexively headbutt those who attack you in melee.


Message History

Unknown command.
Okay, then.
You climb downwards.
There is a stone staircase leading up here.
Unknown command.
An adder is nearby!
What are your orders? t - Shout!
Orders for allies: a - Attack new target. r - Retreat! s - Stop attacking. g - Guard the area. f - Follow me.
Anything else - Cancel.
You shout for attention!
You hear a howl!
You hear an angry hiss.
You hear a howl!
You start waiting.
A howler monkey comes into view.
A bullfrog comes into view.
You feel yourself speed up. The bullfrog barely misses you.
You miss the bullfrog. The bullfrog barely misses you. x2
You hit the bullfrog. Your headbutt misses the bullfrog.
The bullfrog is moderately wounded.
The bullfrog misses you.
The howler monkey hoots and howls with incredible vigour!
You hear an angry hiss.
You hear a shout!
You hear a bark!
You hit the bullfrog.
The bullfrog is moderately wounded.
The bullfrog hits you.
You slash the bullfrog!
The bullfrog is severely wounded.
The bullfrog hits you!
You closely miss the bullfrog.
The bullfrog is severely wounded.
The bullfrog hits you but does no damage.
You closely miss the bullfrog. Your headbutt misses the bullfrog.
The bullfrog is severely wounded.
You closely miss the howler monkey. The bullfrog hits you.
* * * LOW HITPOINT WARNING * * *
The howler monkey hoots and howls with incredible vigour!
The bullfrog hits you!
You die...

#.. #.........#.#.#..
#..####<##.#........<..
##.............###.#.#.#
#..............# #..!...
#...F.......##.###.#.#.#
...####.######.....#.#.#
. #.#########.##.#.#
#Fh.........#..#..
#@###########.##.# #.# .
#.# #.# ..# ###


You could see a bullfrog and a howler monkey.

Vanquished Creatures
  A jackal (D:5)
1 creature vanquished.

Notes
Turn   | Place    | Note
-------+----------+-------------------------------------------
     0 | D:5      | ragingrage the Minotaur Delver began the quest for the Orb.
     0 | D:5      | Reached XP level 1. HP: 19/19 MP: 0/0
     7 | D:5      | Noticed a gnoll bouda
    16 | D:6      | Noticed a hound
   251 | D:5      | Noticed an iguana
   260 | D:6      | Noticed a howler monkey
   261 | D:6      | Noticed a bullfrog
   272 | D:6      | Slain by a bullfrog

Illustrated notes

Levels and vault maps discovered:
D:5:      layout_cave_pools, serial_gnoll_camp, gnoll_camp_mini_basic,
          gnoll_camp_mini_basic, gnoll_camp_mini_house, gnoll_camp_medium_02,
          gnoll_camp_mini_hut, minmay_pentangle
D:6:      layout_loops_ring, marbit_many_paths, tgw_xom

Action                   || total
-------------------------++-------
Melee: Hand axe          ||     6
  Use: Potion            ||     1
Armor: Leather armour    ||     1
Dodge: Dodged            ||     9

Table legend: (Time is in decaauts)
 A = Elapsed time spent in this place.
 B = Non-inter-level travel time spent in this place.
 C = Inter-level travel time spent in this place.
 D = Time resting spent in this place.
 E = Time spent auto-exploring this place.
 F = Levels seen in this place.
 G = Mean time per level.
                   A        B        C        D        E       F      G
               +--------+--------+--------+--------+--------+-----+--------+
         Total |    271 |    271 |      0 |    213 |      5 |   2 |  135.5 |
       Dungeon |    271 |    271 |      0 |    213 |      5 |   2 |  135.5 |
               +--------+--------+--------+--------+--------+-----+--------+

Top non-repeatable levels by time:
     D:6: 253 daAuts
     D:5: 17 daAuts
